Cogmind - Beta 13 @@@ ROGUE MODE // 2024.07.12 @ 09:31:28 Player: ThatBishHoly Result: Destroyed by G-47 Trooper with Particle Gun Performance ------------- Evolutions (1) 500 Regions Visited (2) 400 Robots Destroyed (17) 85 Value Destroyed (482) 482 Prototype IDs (2) 40 Alien Tech Used (0) 0 Bonus (0) 0 TOTAL SCORE: 1507 Bonus ------- None Cogmind --------- Core Integrity 0/400 Matter 196/300 Energy 100/100 System Corruption 3% Temperature Cool (15) Movement Core (1350) Ox26 Location -9/Materials Parts ------- > --- POWER (1) -------- (None) > --- PROPULSION (3) --- (None) > --- UTILITY (3) ------ Huge Storage Unit > --- WEAPON (2) ------- (None) > --- INVENTORY (25) --- Light Cannon Peak State ------------ > --- POWER ------------ Light Ion Engine > --- PROPULSION ------- Light Treads Light Treads > --- UTILITY ---------- Small Storage Unit > --- WEAPON ----------- Light Assault Rifle Light Assault Rifle > --- INVENTORY -------- (None) [Rating: 6] Favorites ----------- Power Light Ion Engine Engine Light Ion Engine Power Core Light Nuclear Core Propulsion Light Treads Treads Light Treads Utility Huge Storage Unit Storage Huge Storage Unit Weapon Assault Rifle Ballistic Gun Assault Rifle Build | -11 -10 -9 ------- Run | Yrd Mat Mat Slots Evolved 2 | . . 2 Power . | . . . Propulsion 1 | . . 1 Utility 1 | . . 1 Weapon . | . . . Parts Attached 13 | 6 4 3 Power 2 | 1 . 1 Engine 1 | 1 . . Core 1 | . . 1 Reactor . | . . . Propulsion 3 | 2 1 . Treads 3 | 2 1 . Leg . | . . . Wheel . | . . . Hover . | . . . Flight . | . . . Utility 3 | 1 1 1 Device . | . . . Storage 3 | 1 1 1 Processor . | . . . Hackware . | . . . Protection . | . . . Artifact . | . . . Weapon 5 | 2 2 1 Energy Gun . | . . . Energy Cannon . | . . . Ballistic Gun 5 | 2 2 1 Ballistic Cannon . | . . . Launcher . | . . . Special Weapon . | . . . Impact Weapon . | . . . Slashing Weapon . | . . . Piercing Weapon . | . . . Special Melee Weapon . | . . . Unidentified Prototypes . | . . . Parts Lost 7 | . . 7 Power 2 | . . 2 Propulsion 2 | . . 2 Utility . | . . . Weapon 3 | . . 3 Highest Loss Streak 2 | . . 2 To Critical Strikes . | . . . Average Slot Usage (%) 73 | . 85 40 Engine 11 | . 14 3 Treads 22 | . 28 7 Storage 13 | . 14 11 Ballistic Gun 25 | . 28 18 Naked Turns . | . . . Heaviest Build 87 | 10 87 87 Greatest Support 40 | 40 40 40 Greatest Overweight (x) 27 | . 2 27 Average Overweight (x) 2 | . 1 9 Largest Inventory Capacity 25 | 8 25 25 Average Capacity 21 | 7 20 25 Most Carried 5 | 5 4 4 Average Carried 3 | . 3 3 Final Capacity 25 | 8 25 25 Final Carried 4 | . 4 1 Class Distribution -------------------- 100% | Mutant Dominant Class ---------------- Mutant | -10/Materials Mutant | -9/Materials Resources | -11 -10 -9 ----------- Run | Yrd Mat Mat Matter Collected 548 | 208 197 143 Remotely . | . . . Salvage Created 676 | . 303 373 Parts 41 | . 19 22 Haulers Intercepted . | . . . Recyclers Shooed . | . . . Parts Field Recycled . | . . . Retrieved Matter . | . . . Parts Self-Destructed . | . . . Prevented . | . . . Kills | -11 -10 -9 ------- Run | Yrd Mat Mat Combat Hostiles Destroyed 15 | . 7 8 Guns 15 | . 7 8 Classes Destroyed 6 | . 4 2 Worker 1 | . 1 . Recycler 1 | . 1 . Swarmer 3 | . 3 . Grunt 10 | . 4 6 Duelist 1 | . . 1 Sentry 1 | . . 1 Best Kill Streak 3 | . 3 2 Combat Bots Only 3 | . 3 2 Max Kills in Single Turn 1 | . 1 1 Gunslinging . | . . . Exploded . | . . . Melee . | . . . Uniques/NPCs Destroyed . | . . . Combat | -11 -10 -9 -------- Run | Yrd Mat Mat Hostile Shots Fired 145 | . 59 86 Missed 36 | . 18 18 Damage Taken 1379 | . 476 903 Core 461 | . 57 404 Absorbed by Shields . | . . . Core Remaining (%) 88 | 100 77 . Volleys Fired 80 | . 33 47 Largest 2 | . 2 2 Hottest 40 | . 40 40 Shots Fired 135 | . 66 69 Gun 135 | . 66 69 Cannon . | . . . Launcher . | . . . Special . | . . . Kinetic 135 | . 66 69 Thermal . | . . . Explosive . | . . . Electromagnetic . | . . . Robot Hit Streak 12 | . 8 12 Robot Miss Streak 3 | . 3 3 Penetration Max . | . . . Secondary Targets 2 | . 2 . Max Gunslinging Chain 1 | . 1 . Shots Hit Robots 89 | . 44 45 Core Hits 38 | . 20 18 Critical Kills . | . . . Critical Parts Destroyed 1 | . 1 . Critical Strikes 1 | . 1 . Destroy 1 | . 1 . Melee Attacks . | . . . Impact . | . . . Slashing . | . . . Piercing . | . . . Sneak Attacks . | . . . Combat Hostiles . | . . . Follow-up Attacks . | . . . Damage Inflicted 1057 | . 494 563 Guns 1044 | . 482 562 Cannons . | . . . Explosions . | . . . Melee . | . . . Ramming 13 | . 12 1 Kinetic 1044 | . 482 562 Thermal . | . . . Explosive . | . . . Electromagnetic . | . . . Impact . | . . . Slashing . | . . . Piercing . | . . . Highest Corruption 3 | . . 3 Average Corruption 2 | . . 2 Corruption Purged . | . . . Corruption Blocked . | . . . Effects 5 | . . 5 Message Errors 1 | . . 1 Matter Fused 3 | . . 3 Alerts 1 | . . 1 Overload Shots . | . . . Overflow Damage . | . . . Projectiles . | . . . Explosions . | . . . Melee . | . . . Knockbacks . | . . . Impact . | . . . Kinetic . | . . . Secondary . | . . . Self-Inflicted Damage . | . . . Shots . | . . . Rammed 3 | . 1 2 Targets Rammed 4 | . 2 2 Kicked . | . . . Crushed 1 | . 1 . Highest Temperature 27 | . 27 9 Average Temperature 9 | . 9 9 Received Heat Transfer 690 | . 237 453 Siege Activations . | . . . Robots Corrupted . | . . . Combat Hostiles . | . . . Parts Fried . | . . . Impact Corruptions . | . . . Robots Melted . | . . . Combat Hostiles . | . . . Parts Melted . | . . . Heat Transferred . | . . . Parts Sabotaged . | . . . Parts Stolen . | . . . Parts Stripped . | . . . Power Chain Reactions . | . . . Alert | -11 -10 -9 ------- Run | Yrd Mat Mat Peak Influence 149 | . 75 149 Initial 29 | . . 29 Average 46 | . 35 82 Maximum Alert Level . | . . . Low Security (%) 100 | 100 100 100 Level 1 . | . . . Level 2 . | . . . Level 3 . | . . . Level 4 . | . . . Level 5 . | . . . High Security . | . . . Max Security . | . . . Squads Dispatched 2 | . 1 1 Investigation 1 | . . 1 Extermination . | . . . Reinforcement 1 | . 1 . Assault . | . . . Garrison . | . . . Intercept . | . . . Searches Triggered . | . . . Construction Impeded . | . . . Haulers Reinforced . | . . . Active Scanning Responses . | . . . Cargo Convoy Interrupts . | . . . Stealth | -11 -10 -9 --------- Run | Yrd Mat Mat Distress Signals 1 | . . 1 Communications Jammed . | . . . Distress Signals . | . . . Times Spotted 24 | . 10 14 Peak Tracking Total 5 | . 3 5 Tactical Retreats 3 | . . 3 Traps | -11 -10 -9 ------- Run | Yrd Mat Mat Traps Triggered 3 | . 1 2 Indirectly . | . . . Trap Hack Attempts . | . . . Triggered . | . . . Disarmed . | . . . Reprogrammed . | . . . Reused . | . . . Traps Extracted . | . . . Installed . | . . . Triggered . | . . . Machines | -11 -10 -9 ---------- Run | Yrd Mat Mat Machines Disabled . | . . . Max in Single Turn . | . . . Machines Repaired . | . . . Machines Dismantled . | . . . Machines Sabotaged . | . . . Overloaded Fab Kills . | . . . Hacking | -11 -10 -9 --------- Run | Yrd Mat Mat Machines Accessed 2 | . 1 1 Terminals 2 | . 1 1 Fabricators . | . . . Repair Stations . | . . . Recycling Units . | . . . Scanalyzers . | . . . Garrison Access . | . . . Total Hacks 5 | . 2 3 Successful 3 | . 1 2 Failed 2 | . 1 1 Catastrophic . | . . . Database Lockouts . | . . . Manual . | . . . Terminals 5 | . 2 3 Fabricators . | . . . Repair Stations . | . . . Recycling Units . | . . . Scanalyzers . | . . . Garrison Access . | . . . Terminal Hacks 3 | . 1 2 Record 1 | . . 1 Prototype ID Bank 1 | . . 1 Zone Layout 1 | . 1 . Fabricator Hacks . | . . . Repair Station Hacks . | . . . Recycling Unit Hacks . | . . . Scanalyzer . | . . . Garrison Access Hacks . | . . . Unauthorized Hacks . | . . . Terminals . | . . . Fabricators . | . . . Repair Stations . | . . . Recycling Units . | . . . Scanalyzers . | . . . Garrison Access . | . . . Data Cores Recovered . | . . . Used . | . . . Hacking Detections 2 | . 1 1 Full Trace Events 1 | . . 1 Feedback Events . | . . . Feedback Blocked . | . . . Robot Schematics Acquired . | . . . Robots Built . | . . . Authchips . | . . . Time . | . . . Total Robot Build Rating . | . . . Part Schematics Acquired . | . . . Parts Built . | . . . Authchips . | . . . Time . | . . . Total Part Build Rating . | . . . Parts Repaired . | . . . Time . | . . . Parts Recycled . | . . . Recycled Matter . | . . . Retrieved Matter . | . . . Retrieved Components . | . . . Parts Scanalyzed . | . . . Part Schematics Acquired . | . . . Parts Damaged . | . . . Bothacking | -11 -10 -9 ------------ Run | Yrd Mat Mat Used RIF Installer . | . . . Robots Hacked . | . . . Non-combat . | . . . Combat . | . . . Robot Hacks Applied . | . . . Relay Couplers Released . | . . . Fabnet Peak Effective % . | . . . Robots Rewired . | . . . Allies Hacked . | . . . Hacks Repelled . | . . . Allies | -11 -10 -9 -------- Run | Yrd Mat Mat Total Allies . | . . . Largest Group . | . . . Highest-Rated Group . | . . . Highest-Rated Ally . | . . . Total Orders . | . . . Ally Attacks . | . . . Total Damage . | . . . Kills . | . . . Allies Corrupted . | . . . Allies Melted . | . . . Intel | -11 -10 -9 ------- Run | Yrd Mat Mat Robot Analysis Total . | . . . Derelict Logs Recovered . | . . . Drone Launches . | . . . Drone Recoveries . | . . . Exploration | -11 -10 -9 ------------- Run | Yrd Mat Mat Turns Passed 2202 | 74 1557 571 Spaces Moved 668 | 51 550 67 Core 36 | 16 . 20 Treads 632 | 35 550 47 Legs . | . . . Wheels . | . . . Hover . | . . . Flight . | . . . Fastest Speed 50 | 50 160 320 Average Speed 291 | 125 262 652 Slowest Speed 1400 | 160 320 1400 Overloaded Moves . | . . . Propulsion Burnouts . | . . . Robots Hopped . | . . . Cave-ins Triggered . | . . . Exploration Rate (%) 24 | 3 62 7 Regions Visited 2 Branch Regions . Pre-discovered Areas . | . . . Known Exits Taken . | . . . Unknown Exits Taken 2 | 1 1 . Scrap Searched . | . . . Spaces Dug . | . . . Terrain Destroyed . | . . . Melee . | . . . Projectile . | . . . AOE . | . . . Terrain Rammed . | . . . Walls Destroyed . | . . . Machines Disabled . | . . . Actions | -11 -10 -9 --------- Run | Yrd Mat Mat Total 784 | 61 603 120 Wait 5 | . 5 . Move 666 | 50 549 67 Hop . | . . . Pick Up 12 | 5 7 . Fast Attach 1 | 1 . . Attach 8 | 5 . 3 Detach . | . . . Swap 4 | . 4 . Drop 4 | . 3 1 Fire 80 | . 33 47 Melee . | . . . Ram 2 | . . 2 Kick . | . . . Crush 2 | . 2 . Escape Stasis . | . . . Rewire . | . . . Trap . | . . . Miscellaneous . | . . . Route ------- -11/Scrapyard -10/Materials (discovered 2 exits: *Mat x2) -9/Materials History --------- Turn | Location | Event 9 | -11/Scrapyard | Discovered new exit (range 16) 75 | -11/Scrapyard | Entered Materials 304 | -10/Materials | Build established: Mutant 680 | -10/Materials | Discovered new exit (range 5) 1574 | -10/Materials | Discovered new exit (range 4) 1632 | -10/Materials | Entered another Materials area 1632 | -9/Materials | Evolved 2 slots: Propulsion x1, Utility x1 2137 | -9/Materials | Core integrity fell below 50% 2186 | -9/Materials | Core integrity fell below 20% 2203 | -9/Materials | Destroyed by G-47 Trooper with Particle Gun Last Messages --------------- 01996_ System corrupted: Matter fused (-8). 02018_ System corrupted: Matter fused (-10). 02035_ System corrupted: Matter fused (-7). 02092_ Assault Rifle destroyed. 02107_ G-34 Mercenary destroyed. 02115_ Assault Rifle destroyed. 02119_ R-06 Scavenger collects Aluminum Leg. 02133_ Critical hit (Burn: +37). 02153_ Dropped Sml. Storage Unit. 02154_ DBMN X90&2Y#FWW6WW Y 02158_ Lgt. Nuclear Core destroyed. 02171_ G-34 Mercenary destroyed. 02174_ R-06 Scavenger collects Ion Engine. 02177_ R-06 Scavenger collects Sml. Laser. 02179_ Y-45 Defender destroyed. 02185_ Critical hit (Burn: +37). 02187_ Assault Rifle destroyed. 02189_ Slammed into G-47 Trooper. 02202_ K-01 Serf collects debris. 02203_ Slammed into G-47 Trooper. Map ----- +----------------------------------------------------+ | | | | | | | | | | | ?????????????????????????????????????????????????? | | ??????????????????????????????#########??????????? | | ??????????????????????????????# #??????????? | | ??????????????????????????????#] """#??????????? | | ?????????????????????????###### """#??????????? | | ?????????????????????????# ^!+ ! """#????#####?? | | ?????????????????????????# *^#[ #????# #?? | | ?????????????????????????# %^############## #?? | | ?????????????????????????# ^ #?? | | ?????????????????????????#%##+####### #?? | | ?????????????????????????# # ### #?? | | ?????????????????????????# # "T" T## | | ?????????????????????????# # ### # # | | ?????????????????????????# # = #?# #### #?# | | ?????????????????????????# # // #?# #??# #?? | | ?????????????????????????# # // #?# #??# #?? | | ???????????????????####### ########?# #??# #?? | | ???????????????????#! # #????????# #??# ?? | | ???????????????????# =#k#????????# #??# ? | | ???????????????????# !g#=#????????# #??# | | ???????????????????# !%@g#????????# #??####### | | ???????????????????# """!#t#????????# #????????? | | ???????????????????# """ #!#????????# #????????? | | ???????????????????# """ #=#????????? ?????????? | | ???????????????????####### #?????????????????????? | | ?????????????????????????# #?????????????????????? | | ?????????????????????????# #?????????????????????? | | ?????????????????????????# #?????????????????????? | | ?????????????????????????# #?????????????????????? | | ?????????????????????????? ??????????????????????? | | ?????????????????????????? ??????????????????????? | | ?????????????????????????? ??????????????????????? | | ?????????????????????????? ??????????????????????? | | ?????????????????????????? ??????????????????????? | | ?????????????????????????? ??????????????????????? | | ?????????????????????????? ??????????????????????? | | ?????????????????????????????????????????????????? | | ?????????????????????????????????????????????????? | | ?????????????????????????????????????????????????? | | ?????????????????????????????????????????????????? | | ?????????????????????????????????????????????????? | | ?????????????????????????????????????????????????? | | ?????????????????????????????????????????????????? | | ?????????????????????????????????????????????????? | | ?????????????????????????????????????????????????? | +----------------------------------------------------+ Best States ------------- Heat Dissipation 28 Energy Generation 10 Energy Capacity 125 Matter Stores 300 Matter Capacity 300 Sight Range 16 Terrain Scan Density 10 Evasion (%) 50 Recoil Reduction 2 Item Schematics ----------------- None Robot Schematics ------------------ None Fabricated ------------ Nothing Alien Tech Used ----------------- None Achievements -------------- None Challenges ------------ None Game ------ Seed DrainedReflectiveChainsword Manual? 0 Play Time 00:12:44 Cumulative 58.4 hours Start 2024.07.12 @ 09:20:32 End 2024.07.12 @ 09:31:28 Sessions 1 Manual Loads 0 Difficulty Rogue Special Mode None Game No. 160 Rogue 160 Adventurer 0 Explorer 0 Win Type - Total 0 Types 0/0/0/0/0/0/0/0/0 Lore% 22 Gallery% 41 Achievement% 26 Wizard Run 0 Options --------- Layout 0 ASCII 0 Keyboard 0 Movement Arrows Keybinds 0 Fullscreen 1 Font 12/Smallcaps Map View 38x28 Zoom Use 99% Tactical HUD 1 Map Filters NONE Filters NONE Steam SD RUN: 84cf9530-e868-49f1-acb1-db3bfd30a039